 Dungeon Crawl Stone Soup version 0.28.0-53-g5a82cb258f (webtiles) character file.

Game seed: 7401531991006918637

1040 DildoBatman the Conjurer (level 8, 0/46 (56) HPs)
             Began as a Formicid Conjurer on June 8, 2022.
             Was a Follower of Kikubaaqudgha.
             Killed by divine providence
             ... invoked by an orc priest
              (12 damage)
             ... on level 6 of the Dungeon.
             The game lasted 00:11:04 (3860 turns).

DildoBatman the Conjurer (Formicid Conjurer)        Turns: 3860, Time: 00:11:05

HP:   0/46 (56)     AC:  4    Str: 14    XL:     8   Next: 49%
MP:   6/14          EV: 12    Int: 16    God:    Kikubaaqudgha [*.....]
Gold: 107           SH:  0    Dex: 11    Spells: 9/15 levels left

rFire   + . .      SeeInvis +   e - +0 mace
rCold   . . .      Faith    .   (no shield)
rNeg    . . .      Spirit   .   u - +2 robe {rF+}
rPois   .          Reflect  .   (helmet unavailable)
rElec   .          Harm     .   B - +0 cloak
rCorr   .          Rampage  .   (no gloves)
Will    .....                   (no boots)
Stlth   ++........              m - amulet of magic regeneration
HPRegen 0.15/turn               (no ring)
MPRegen 0.54/turn               (no ring)

@: heavily drained
A: permanent stasis, dig shafts and tunnels, antennae 3, four strong arms,
deformed body, dopey 1, strong 1, subdued magic 1
a: Dig, Shaft Self, Renounce Religion, Receive Corpses


You were on level 6 of the Dungeon.
You worshipped Kikubaaqudgha.
Kikubaaqudgha was aware of your devotion.
You visited 2 branches of the dungeon, and saw 7 of its levels.

You collected 316 gold pieces.
You spent 209 gold pieces at shops.

Inventory:

Hand Weapons
 e - a +0 mace (weapon)
 C - a +2 quarterstaff of chaos
Missiles
 f - 73 arrows
 j - 237 stones
 k - 8 poisoned darts
 r - a boomerang of dispersal
 s - 22 sling bullets
Armour
 n - an orb of guile
 u - a +2 robe of fire resistance (worn)
 B - a +0 cloak (worn)
 E - a +0 leather armour of willpower
Jewellery
 i - a ring of ice
 m - an amulet of magic regeneration (around neck)
 D - an amulet of the acrobat
Wands
 y - a wand of flame (15)
Scrolls
 a - a scroll of brand weapon {unknown}
 c - 7 scrolls of identify {unknown}
 g - a scroll of fear {unknown}
 l - a scroll of immolation {unknown}
 q - 3 scrolls of teleportation {unknown}
 w - 2 scrolls of fog {unknown}
Potions
 b - a potion of brilliance {unknown}
 d - a potion of attraction {unknown}
 h - 3 potions of resistance {unknown}
 o - 2 potions of degeneration {unknown}
 p - 2 potions of magic {unknown}
 t - a potion of ambrosia {unknown}
 v - a potion of invisibility {unknown}
 x - 2 potions of lignification {unknown}
 z - 3 potions of curing
 A - a potion of flight {unknown}


   Skills:
 - Level 2.0 Fighting
 - Level 2.0 Armour
 - Level 1.7 Dodging
 - Level 2.4 Stealth
 * Level 4.2 Spellcasting
 - Level 6.0 Conjurations
 - Level 6.0 Fire Magic


You had 9 spell levels left.
You knew the following spells:

 Your Spells              Type           Power      Damage    Failure   Level
a - Searing Ray           Conj           34%        2d5       1%          2
b - Conjure Flame         Conj/Fire      17%        6-21      3%          3
c - Magic Dart            Conj           68%        1d6       1%          1

Your spell library contained the following spells:

 Spells                   Type           Power      Damage    Failure   Level
 Foxfire                  Conj/Fire      68%        2x1d7     1%          1
 Dazzling Flash           Conj/Hex       20%        N/A       12%         3
 Inner Flame              Hex/Fire       10%        N/A       12%         3
 Flame Wave               Conj/Fire      17%        2d6       12%         4
 Animate Skeleton         Necr           4%         N/A       14%         1
 Pain                     Necr           8%         1d4       14%         1
 Corpse Rot               Necr/Air       4%         N/A       22%         2
 Fulminant Prism          Conj/Hex       5%         3d7       38%         4
 Iskenderun's Mystic Bla  Conj/Tloc      10%        2d4       38%         4
 Agony                    Necr           2%         N/A       99%         5
 Summon Forest            Summ/Tloc      1%         N/A       99%         5
 Summon Mana Viper        Hex/Summ       2%         N/A       99%         5
 Summon Cactus Giant      Summ           1%         N/A       100%        6


Dungeon Overview and Level Annotations

Branches:
Dungeon (6/15)             Temple (1/1) D:4

Altars:
Ashenzari
Cheibriados
Elyvilon
Fedhas
Gozag
Hepliaklqana
Kikubaaqudgha
Makhleb
Nemelex Xobeh
Okawaru
Qazlal
Ru
Sif Muna
Trog
Uskayaw
Vehumet
Xom
Yredelemnul
Zin

Shops:
D:2 !

Annotations:
D:4 exclusion: ogre


Innate Abilities, Weirdness & Mutations

You cannot be hasted, slowed, berserked, paralysed or teleported.
You can dig through walls and to a lower floor.
You have a pair of large antennae on your head. (SInv)
Your four strong arms can wield two-handed weapons with a shield.
Armour fits poorly on your strangely shaped body.
You are dopey. (Int -2)
Your muscles are strong. (Str +2)
Your spells are a little easier to cast, but a little less powerful.


Message History

Press: ? - help, Shift-Dir - straight line, f/p - wight
Aim: a wight, wielding a +1 flail of freezing and wearing a +0 robe (heavily damaged, 78% to hit)
The searing ray hits the wight!
The wight is almost destroyed. (Press . to maintain the ray.)
The searing ray hits the wight but does no damage.
The wight is almost destroyed.
The searing ray misses the wight.
The searing ray hits the wight.
You destroy the wight!
Kikubaaqudgha accepts your kill.
The searing ray hits the wight!
The wight is moderately damaged.
The orc completely misses you.
Casting: Searing Ray (safe; 1% risk of failure)
Confirm with . or Enter, or press ? or * to list all spells.
Restarting spell: Searing Ray (safe; 1% risk of failure)
Press: ? - help, Shift-Dir - straight line, f - orc
Aim: an orc, wielding a +0 mace (78% to hit)
The searing ray hits the orc.
The orc is severely wounded. (Press . to maintain the ray.)
You are no longer corroded.
The orc hits you with a +0 mace.
You retract your mandibles.
An orc priest comes into view. It is wielding a +0 whip.
The orc wizard casts a spell.
The orc wizard flickers and vanishes for a moment.
The wight hits you with a +0 flail!
You feel drained.
A wight comes into view.
It is wielding a +5 war axe and wearing a +2 robe of cold resistance.
An orc comes into view. It is wielding a +0 mace.
A wight comes into view. It is wielding a +3 great sword.
Found a scroll labelled PYOXTEVOFO.
The wight hits you with a +0 flail.
The orc priest shouts!
The orc priest calls down the wrath of Beogh upon you.
Beogh smites you!
You die...
Kikubaaqudgha rasps: "You have failed me!
Welcome... death!"

..# ... #?# #.#
... #.# .#
#.##.#
#@##.#### ####
##oz.z....{{
.....#>.z#.####
.......o...#
###..#...#.# {
#.......)# {
#o###.##.##{
.o{ #.###.# ###
##+#{#.#


You could see 3 wights, an orc priest, an orc wizard (invisible) and 2 orcs.

Vanquished Creatures
  Sigmund (D:2)
  A water moccasin (D:5)
  A black bear (D:5)
  A water moccasin zombie (D:5)
  2 scorpions (D:5)
  A wight (D:6)
  A jelly (D:4)
  Crazy Yiuf (D:2)
  3 hounds (D:5)
  Jessica (D:3)
  3 iguanas
  2 orc wizards
  Robin (D:2)
  6 adders
  An ufetubus (D:5)
  3 worms
  2 dart slugs
  9 orcs
  7 ball pythons
  4 bats
  3 endoplasms
  4 giant cockroaches
  18 goblins
  6 hobgoblins
  4 kobolds
  3 frilled lizards
  5 rats
94 creatures vanquished.

Notes
Turn   | Place    | Note
-------+----------+-------------------------------------------
     0 | D:1      | DildoBatman the Formicid Conjurer began the quest for the
                  | Orb.
     0 | D:1      | Reached XP level 1. HP: 13/13 MP: 3/3
   431 | D:1      | Reached XP level 2. HP: 19/19 MP: 1/5
   451 | D:1      | Learned a level 2 spell: Searing Ray
   850 | D:2      | Found a runed translucent door.
   851 | D:2      | Noticed Crazy Yiuf
   887 | D:2      | Found a faded altar of an unknown god.
   894 | D:2      | Reached XP level 3. HP: 24/24 MP: 3/6
  1099 | D:2      | Noticed Sigmund
  1112 | D:3      | Learned a level 3 spell: Conjure Flame
  1260 | D:3      | Reached XP level 4. HP: 28/30 MP: 4/7
  1268 | D:3      | Reached skill level 1 in Fire Magic
  1366 | D:3      | Reached skill level 5 in Conjurations
  1382 | D:3      | Reached XP level 5. HP: 34/35 MP: 6/8
  1588 | D:3      | Noticed Jessica
  2097 | D:4      | Reached XP level 6. HP: 41/41 MP: 4/9
  2193 | D:4      | Found a staircase to the Ecumenical Temple.
  2203 | Temple   | Entered the Ecumenical Temple
  2452 | Temple   | Became a worshipper of Kikubaaqudgha
  2716 | D:3      | Killed Jessica
  2828 | D:2      | Noticed Robin
  2833 | D:2      | Killed Robin
  2994 | D:2      | Reached * piety under Kikubaaqudgha
  2994 | D:2      | Received a gift from Kikubaaqudgha
  3045 | D:2      | Killed Sigmund
  3046 | D:2      | Reached XP level 7. HP: 29/46 MP: 4/10
  3113 | D:2      | Found Gucoj's Distillery.
  3120 | D:2      | Bought 2 potions of mutation for 176 gold pieces
  3120 | D:2      | Bought a potion of curing for 33 gold pieces
  3120 | D:2      | Gained mutation: You have large cloven feet. [potion of
                  | mutation]
  3120 | D:2      | Gained mutation: Your spells are a little easier to cast,
                  | but a little less powerful. [potion of mutation]
  3120 | D:2      | Gained mutation: You possess an exceptional clarity of
                  | mind. [potion of mutation]
  3121 | D:2      | Lost mutation: You have large cloven feet. [potion of
                  | mutation]
  3121 | D:2      | Lost mutation: You possess an exceptional clarity of mind.
                  | [potion of mutation]
  3121 | D:2      | Gained mutation: You are dopey. (Int -2) [potion of
                  | mutation]
  3121 | D:2      | Gained mutation: Armour fits poorly on your strangely
                  | shaped body. [potion of mutation]
  3121 | D:2      | Gained mutation: Your muscles are strong. (Str +2) [potion
                  | of mutation]
  3280 | D:2      | Killed Crazy Yiuf
  3405 | D:5      | Entered Level 5 of the Dungeon
  3423 | D:5      | Noticed a water moccasin
  3432 | D:5      | Killed a water moccasin
  3433 | D:5      | Reached skill level 5 in Fire Magic
  3571 | D:5      | Reached XP level 8. HP: 32/53 MP: 2/11
  3597 | D:5      | Reached skill level 1 in Fighting
  3629 | D:5      | Reached skill level 1 in Armour
  3646 | D:5      | Found a stormy altar of Qazlal.
  3860 | D:6      | Killed from afar by an orc priest

Illustrated notes

Levels and vault maps discovered:
D:1:      enne_arrival_octagon_isle, layout_loops_ring
D:2:      layout_loops_corners, chequers_ecumenical_altar_twisty, serial_shops,
          shop, uniq_sigmund, uniq_crazy_yiuf_cottage, uniq_robin
D:3:      layout_loops_ring, kennysheep_potato, uniq_jessica
D:4:      layout_rooms, temple_fountains
D:5:      layout_rooms, mainiacjoe_overflow_brackets
D:6:      layout_loops_corners, nicolae_overflow_hidden_temple,
          portal_sewer_entry_e, kennysheep_generic_room_12, uniq_blork_the_orc
Temple:   dpeg_five_rooms_temple

Skill      XL: |  1  2  3  4  5  6  7  8 |
---------------+-------------------------+-----
Conjurations   | 4 5 6 |  6.0
Fire Magic     | 1 2 4 6 |  6.0
Fighting       | 2 |  2.0
Armour         | 2 |  2.0
Spellcasting   | 4 |  4.2
Dodging        | |  1.7
Stealth        | |  2.4

Action                   |  1- 3 |  4- 6 |  7- 9 || total
-------------------------+-------+-------+-------++-------
Melee: Mace              |     6 |       |     2 ||     8
 Cast: Magic Dart        |    41 |    43 |    30 ||   114
       Searing Ray       |     4 |    28 |    23 ||    55
       Conjure Flame     |       |       |     9 ||     9
 Abil: Dig               |     1 |     2 |     2 ||     5
  Use: Potion            |       |       |     2 ||     2
Armor: Robe              |       |     4 |     2 ||     6
Dodge: Dodged            |     5 |     9 |    12 ||    26
